 Dungeon Crawl Stone Soup version 0.29.1-13-g9f3cf754e1 (webtiles) character file.

Game seed: 17512304324696211476

138 theswoord the Chiller (level 5, -14/63 HPs)
             Began as a Naga Ice Elementalist on Feb 1, 2023.
             Demolished by a two-headed ogre
             ... wielding a +0 giant spiked club
              (21 damage)
             ... on level 4 of the Dungeon.
             The game lasted 00:08:53 (4257 turns).

theswoord the Chiller (Naga Ice Elementalist)       Turns: 4257, Time: 00:08:53

Health: -14/63     AC: 22    Str: 16    XL:     5   Next: 21%
Magic:  4/10       EV:  1    Int: 17    God:
Gold:   144        SH:  0    Dex: 12    Spells: 6/11 levels left

rFire   . . .      SeeInvis +   f - +1 dagger of the Jumping Salmon {vamp, Fragile +Blink rPois Str+6}
rCold   . . .      Faith    .   (no shield)
rNeg    . . .      Spirit   .   (body armour currently unavailable)
rPois   +          Reflect  .   (helmet currently unavailable)
rElec   .          Harm     .   (cloak currently unavailable)
rCorr   .          Rampage  .   (gloves currently unavailable)
Will    .....      NoTele   +   (no barding)
Stlth   ++........              (no amulet)
HPRegen 0.20/turn               (no ring)
MPRegen 0.12/turn               (no ring)

@: tree-form, weakened, freezing walls
A: stationary, stasis, torment immunity, boosted hp, AC +1, large, see
invisible, (deformed body), (poison resistance), (slowness 2), spit poison 1,
(naga tail 1)
a: Spit Poison, Evoke Blink


You were on level 4 of the Dungeon.
You were a tree.
You visited 1 branch of the dungeon, and saw 4 of its levels.

You collected 144 gold pieces.

Inventory:

Hand Weapons
 c - a +0 spear
 f - the +1 dagger of the Jumping Salmon (weapon) {vamp, Fragile +Blink rPois Str+6}
   (You found it on level 3 of the Dungeon)

   It occasionally heals its wielder for a portion of the damage dealt when it
   wounds a living foe.
   Str:       It affects your strength (+6).
   rPois:     It protects you from poison.
   +Blink:    It lets you blink.
   Fragile:   It will be destroyed if unequipped.
 h - a +0 short sword
 o - a +2 antimagic dagger
Armour
 a - a +0 robe (melded)
Jewellery
 k - a +6 ring of intelligence
Potions
 b - a potion of magic
 d - a potion of ambrosia
 j - a potion of heal wounds
 m - 2 potions of haste
 n - a potion of cancellation
 p - a potion of invisibility


   Skills:
 - Level 1.5 Dodging
 - Level 3.0 Stealth
 + Level 3.7 Spellcasting
 + Level 5.2 Ice Magic


You had 6 spell levels left.
You knew the following spells:

 Your Spells              Type           Power      Damage    Failure   Level
a - Freeze                Ice            84%        1d10      1%          1
b - Frozen Ramparts       Ice            42%        1d7       5%          3
c - Beastly Appendage     Tmut           6%         N/A       16%         1

Your spell library contained the following spells:

 Spells                   Type           Power      Damage    Failure   Level
 Ozocubu's Armour         Ice            21%        N/A       5%          3
 Wereblood                Tmut           3%         N/A       24%         2
 Conjure Flame            Conj/Fire      3%         6-21      43%         3
 Ignite Poison            Fire/Tmut/Pois 3%         N/A       43%         3
 Mephitic Cloud           Conj/Pois/Air  3%         N/A       43%         3
 Spider Form              Tmut/Pois      3%         N/A       43%         3
 Hailstorm                Conj/Ice       12%        3d5       50%         4
 Sticky Flame             Conj/Fire      3%         2d3       85%         4
 Freezing Cloud           Conj/Ice/Air   4%         6-21      91%         5


Dungeon Overview and Level Annotations

Branches:
Dungeon (4/15)
 Temple: D:4-7

Altars:
Ashenzari


Innate Abilities, Weirdness & Mutations

You are a tree.
Your roots penetrate the ground, keeping you stationary.
You cannot be teleported.
You are immune to unholy pain and torment.
Your maximum health is greatly increased.
Your equipment is partially melded.
((Your serpentine skin is tough. (AC +1)))
You have supernaturally acute eyesight. (SInv)
((Armour fits poorly on your strangely shaped body.))
((Your system is resistant to poisons. (rPois)))
((You cover ground very slowly.))
You can spit poison.
((You have a snake-like lower body.))


Message History

You freeze the two-headed ogre.
The two-headed ogre is lightly wounded.
The wall freezes the gnoll bouda but does no damage.
The wall freezes the two-headed ogre.
The two-headed ogre hits you with a +0 giant spiked club!
The two-headed ogre barely misses you.
Really quaff the potion of lignification?
You turn into a tree.
Your +0 robe melds into your body.
Your roots penetrate the ground.
The wall freezes the gnoll bouda.
You barely miss the two-headed ogre.
The two-headed ogre is moderately wounded.
The wall freezes the two-headed ogre.
The two-headed ogre hits you but does no damage.
The two-headed ogre hits you with a +0 giant club.
The wall freezes the gnoll bouda but does no damage.
You hit the two-headed ogre.
The two-headed ogre is moderately wounded.
You have got your breath back.
The wall freezes the gnoll bouda.
The wall freezes the two-headed ogre.
The two-headed ogre hits you but does no damage. x2
You hit the two-headed ogre but do no damage.
The two-headed ogre is heavily wounded.
The wall freezes the gnoll bouda.
The gnoll bouda gazes fiercely through you!
You feel your attacks grow feeble.
You hit the two-headed ogre.
The two-headed ogre is heavily wounded.
The frozen ramparts melt away.
The two-headed ogre hits you with a +0 giant spiked club!
* * * LOW HITPOINT WARNING * * *
The two-headed ogre hits you with a +0 giant club!
* * * LOW HITPOINT WARNING * * *
Casting: Freeze (safe; 1% risk of failure)
Confirm with . or Enter, or press ? or * to list all spells.
Casting: Frozen Ramparts (dangerous; 5% risk of failure)
Press: ? - help, Dir - look around, f - activate The walls around you are covered in ice.
The wall freezes the gnoll bouda.
The wall freezes the two-headed ogre.
The two-headed ogre hits you with a +0 giant spiked club!!
You die...

#...†......####
#####..###....#
#~~~###~~~.
#~#~~#~~#
#~##~~~#
#~~##'## ..~
#.# ..~##.##
...~#♣~.#
~~~~##O## lg.#
#.## ... #.#
.#. .


You could see a two-headed ogre and a gnoll bouda.

Vanquished Creatures
  An iguana (D:3)
  A gnoll (D:1)
  An adder (D:2)
  An ufetubus (D:4)
  3 worms
  2 dart slugs
  An orc (D:3)
  11 ball pythons
  10 endoplasms
  8 goblins
  4 hobgoblins
  6 jackals (D:2)
  A kobold (D:2)
  4 quokkas
  3 bats (D:1)
  6 frilled lizards
  6 rats
69 creatures vanquished.

Vanquished Creatures (others)
  13 plants
13 creatures vanquished.

Grand Total: 82 creatures vanquished

Notes
Turn   | Place    | Note
-------+----------+-------------------------------------------
     0 | D:1      | theswoord the Naga Ice Elementalist began the quest for the
                  | Orb.
     0 | D:1      | Reached XP level 1. HP: 15/15 MP: 3/3
   256 | D:1      | Reached XP level 2. HP: 16/22 MP: 5/5
   820 | D:1      | Found a faded altar of an unknown god.
   958 | D:1      | Reached XP level 3. HP: 28/28 MP: 4/6
  1467 | D:2      | Learned a level 3 spell: Frozen Ramparts
  2443 | D:2      | Reached XP level 4. HP: 24/36 MP: 0/8
  2861 | D:2      | Learned a level 1 spell: Beastly Appendage
  3257 | D:3      | Found a broken altar of Ashenzari.
  3354 | D:3      | Reached skill level 5 in Ice Magic
  3572 | D:3      | Reached XP level 5. HP: 36/42 MP: 5/10
  3695 | D:3      | Identified the +1 dagger of the Jumping Salmon {vamp,
                  | Fragile +Blink rPois Str+6}
  4242 | D:4      | Noticed a two-headed ogre
  4257 | D:4      | Demolished by a two-headed ogre

Skill      XL: |  1  2  3  4 |
---------------+-------------+-----
Spellcasting   | 3 |  3.7
Ice Magic      | 5 |  5.2
Dodging        | |  1.5
Stealth        | |  3.0

Action                   |  1- 3 |  4- 6 || total
-------------------------+-------+-------++-------
Melee: Unarmed           |    25 |       ||    25
       Short sword       |    29 |     8 ||    37
       Dagger            |     5 |    28 ||    33
       Spear             |       |    18 ||    18
 Cast: Freeze            |    25 |    19 ||    44
       Frozen Ramparts   |     2 |     6 ||     8
       Beastly Appendage |       |     1 ||     1
 Abil: Spit Poison       |     8 |     3 ||    11
  Use: Scroll            |       |    11 ||    11
       Potion            |       |     1 ||     1
 Stab: Sleeping          |     6 |     4 ||    10
Armor: Robe              |    15 |    10 ||    25
       Skin              |       |     3 ||     3
Dodge: Dodged            |    42 |    44 ||    86

Levels and vault maps discovered:
D:1:      evilmike_arrival_fibonacci_small, layout_loops_corners,
          shapermc_ecumenical_altar_starsandcircs, st_stairs_14,
          nicolae_figureground_pulse
D:2:      layout_loops_ring, serial_forest, infiniplex_forest_clump_tiny,
          infiniplex_forest_clump_cross, infiniplex_forest_straight_5,
          infiniplex_forest_straight_2, infiniplex_forest_end_3,
          infiniplex_forest_clump_tiny, infiniplex_forest_clump_curved,
          infiniplex_forest_clump_curved, dk_noncrumbling_4,
          corexii_corridor_pit
D:3:      minmay_octagon_keep, layout_basic, evilmike_ruin_ashenzari
D:4:      cheibrodos_old_hovel, layout_rooms, minmay_manual_mullet,
          uniq_blork_the_orc
